 Dungeon Crawl Stone Soup version 0.31-a0-435-g2c6fae2916 (webtiles) character file.

Game seed: 3635979406283874941

356 MrMonkeyMan the Magician (level 6, -6/33 HPs)
             Began as a Deep Elf Fire Elementalist on Aug 1, 2023.
             Was a Plaything of Xom.
             Mangled by a meliai (9 damage)
             ... on level 3 of the Dungeon on Aug 2, 2023.
             The game lasted 00:22:53 (2730 turns).

MrMonkeyMan the Magician (DEFE)                     Turns: 2730, Time: 00:22:55

Health: -6/33      AC:  9    Str:  5    XL:     6   Next: 36%
Magic:  12/14      EV: 11    Int: 22    God:    Xom [....*.]
Gold:   143        SH:  4    Dex: 15    Spells: 13/14 levels left

rFire   . . .        r - +2 dagger (speed)
rCold   . . .        h - +0 buckler
rNeg    . . .        j - +0 leather armour
rPois   .            m - +0 helmet
rElec   .            (no cloak)
rCorr   .            p - +0 pair of gloves
SInv    .            (no boots)
Will    .....        (no amulet)
Stlth   ++           i - +4 ring of protection
HPRegen 0.25/turn    (no ring)
MPRegen 0.14/turn

%: no passive effects
@: no status effects
A: no striking features
a: Renounce Religion


You were on level 3 of the Dungeon.
You worshipped Xom.
You were a beloved toy of Xom.
You visited 2 branches of the dungeon, and saw 5 of its levels.

You collected 143 gold pieces.

Inventory:

Hand Weapons
 g - a +0 short sword
 r - a +2 dagger of speed (weapon)
Armour
 a - a +0 robe
 h - a +0 buckler (worn)
 j - a +0 leather armour (worn)
 m - a +0 helmet (worn)
 p - a +0 pair of gloves (worn)
Magical Staves
 l - a staff of air
Jewellery
 i - a +4 ring of protection (left hand)
Scrolls
 d - 3 scrolls of identify {unknown}
 e - a scroll of enchant armour {unknown}
 f - a scroll of fear {unknown}
 k - a scroll of poison {unknown}
 n - a scroll of fog {unknown}
 q - a scroll of enchant weapon {unknown}
 s - a scroll of blinking {unknown}
Potions
 b - a potion of magic
 c - 3 potions of curing {unknown}
 o - a potion of brilliance {unknown}


   Skills:
 + Level 0.3 Fighting
 + Level 1.0 Short Blades
 * Level 1.6 Armour
 + Level 3.2 Dodging
 - Level 2.7 Stealth
 * Level 2.0 Shields
 + Level 4.6 Spellcasting
 + Level 2.6 Conjurations
 + Level 4.5 Fire Magic


You had 13 spell levels left.
You knew the following spells:

 Your Spells              Type           Power      Damage    Failure   Level
a - Foxfire               Conj/Fire      80%        2x1d8     7%          1

Your spell library contained the following spells:

 Spells                   Type           Power      Damage    Failure   Level
 Scorch                   Fire           50%        2d7       8%          2
 Magic Dart               Conj           64%        1d6       11%         1
 Inner Flame              Hex/Fire       15%        N/A       36%         3
 Volatile Blastmotes      Fire/Tloc      30%        2d12      36%         3
 Call Imp                 Summ           10%        N/A       43%         2
 Mephitic Cloud           Conj/Pois/Air  8%         N/A       54%         3
 Flame Wave               Conj/Fire      20%        2d7       56%         4


Dungeon Overview and Level Annotations

Branches:
Dungeon (4/15)             Temple (1/1) D:4

Altars:
Cheibriados
Fedhas
Gozag
Hepliaklqana
Kikubaaqudgha
Makhleb
Okawaru
Qazlal
Ru
Sif Muna
Uskayaw
Vehumet
Wu Jian
Xom
Yredelemnul
Zin
The Shining One

Shops:
D:1 ==(!   D:2 [


Message History

You hit the sky beast.
The sky beast is lightly wounded.
The sky beast hits you. The sky beast shocks you.
You hit the sky beast but do no damage.
The sky beast is lightly wounded.
The sky beast hits you but does no damage. "See what I see, my child!"
You detect items!
The sky beast hits you but does no damage.
A mysterious force pulls you upwards. The hatch slams shut behind you.
Casting: Foxfire (safe; 7% risk of failure)
Confirm with . or Enter, or press ? or * to list all spells.
You conjure some foxfire!
The sky beast flickers out of sight!
Deactivating autopickup; reactivate with Ctrl-A.
Something hits you but does no damage.
Your foxfire dissipates!
The foxfire hits something.
A sky beast appears from thin air!
Reactivating autopickup.
The sky beast barely misses you.
Casting: Foxfire (safe; 7% risk of failure)
Confirm with . or Enter, or press ? or * to list all spells.
You conjure some foxfire! "Hum-dee-hum-dee-hum..."
The sky beast evaporates and reforms as a meliai!
The meliai barely misses you.
The meliai stings you but does no damage.
Press: ? - help, v - describe, . - travel The floor.
Your foxfire dissipates!
The foxfire hits the meliai but does no damage.
The meliai barely misses you. x2
Casting: Foxfire (safe; 7% risk of failure)
Confirm with . or Enter, or press ? or * to list all spells.
You conjure some foxfire!
The meliai hits you but does no damage. You block the meliai's attack.
The meliai hits you!
* * * LOW HITPOINT WARNING * * *
The meliai stings you!
You die...
Xom is highly amused!

.....###..#
#####..###########
#.†...##..######......###
#<.##......##...........#
.†..............[.......#
#.#..##.................#
#.......................#
..#...##................#
..#..####.......v.......#
.....##........v@y...####
..........#....#######
....####.........#####
.........#...........#
.....................#
..(..######..........##
......## ###.........#
.......# #.........#
....#..### #.......>.#


You could see a meliai (ally target).

Vanquished Creatures
  A howler monkey (D:4)
  2 hounds (D:4)
  An iguana (D:4)
  A gnoll (D:1)
  4 adders
  A white imp (D:4)
  A worm (D:3)
  2 dart slugs
  4 orcs
  4 bats
  6 endoplasms
  5 giant cockroaches
  8 goblins
  11 hobgoblins
  4 jackals (D:2)
  4 kobolds
  7 quokkas
  5 ball pythons
  A frilled lizard (D:2)
  11 rats
83 creatures vanquished.

Vanquished Creatures (collateral kills)
  A scorpion (D:4)
  A hound (D:4)
  7 foxfires (D:1)
9 creatures vanquished.

Vanquished Creatures (others)
  175 foxfires
175 creatures vanquished.

Grand Total: 267 creatures vanquished

Notes
Turn   | Place    | Note
-------+----------+-------------------------------------------
     0 | D:1      | MrMonkeyMan the Deep Elf Fire Elementalist began the quest
                  | for the Orb.
     0 | D:1      | Reached XP level 1. HP: 10/10 MP: 6/6
   116 | D:1      | Reached XP level 2. HP: 15/15 MP: 6/8
   188 | D:1      | Noticed a golden eye
   190 | D:1      | Found a faded altar of an unknown god.
   191 | D:1      | Noticed a great orb of eyes
   191 | D:1      | Noticed a shining eye
   191 | D:1      | Noticed a golden eye
   203 | D:1      | Prayed at the altar of an unknown god.
   203 | D:1      | Became a worshipper of Xom of Chaos
   327 | D:1      | XOM: butterfly on damage
   432 | D:1      | Reached XP level 3. HP: 19/19 MP: 5/10
   439 | D:1      | Found Wapigeb's Distillery.
   494 | D:1      | Noticed a +0 demon trident
   495 | D:1      | Found Bompostruote's Weapon Emporium.
   496 | D:1      | Noticed a +0 triple sword
   549 | D:1      | XOM: silly message
   731 | D:1      | Found Syapp's Jewellery Shoppe.
   766 | D:1      | XOM: smoke on damage
   976 | D:1      | Found Zesuplitt's Jewellery Emporium.
  1030 | D:2      | Found Winitask's Antique Armour Shoppe.
  1290 | D:2      | Reached XP level 4. HP: 24/24 MP: 8/11
  1676 | D:2      | XOM: 1-stop teleportation journey
  1710 | D:2      | XOM: scenery: summon butterflies
  1961 | D:3      | XOM: 1-stop teleportation journey
  2237 | D:3      | XOM: divination: detect creatures
  2358 | D:3      | Found an opulent altar of Gozag.
  2389 | D:4      | Found a staircase to the Ecumenical Temple.
  2468 | Temple   | Entered the Ecumenical Temple
  2506 | D:4      | Reached skill level 1 in Armour
  2506 | D:4      | Reached skill level 1 in Shields
  2506 | D:4      | Reached XP level 5. HP: 28/28 MP: 10/13
  2557 | D:4      | XOM: summons friendly quasit
  2656 | D:4      | Reached skill level 1 in Short Blades
  2656 | D:4      | Reached XP level 6. HP: 27/33 MP: 14/14
  2715 | D:4      | an ogre changed into a sky beast
  2715 | D:4      | Noticed a sky beast
  2715 | D:4      | XOM: polymorph ogre -> sky beast
  2720 | D:4      | XOM: divination: detect items
  2728 | D:3      | a sky beast changed into a meliai
  2728 | D:3      | Noticed a meliai
  2728 | D:3      | XOM: polymorph sky beast -> meliai
  2730 | D:3      | Mangled by a meliai

Illustrated notes

Levels and vault maps discovered:
D:1:      mrwooster_arrival_statue_2, layout_basic,
          hellmonk_ecumenical_altar_watching_god, serial_shops,
          nicolae_shop_mannequins, nicolae_shop_back_alley_shop, shop,
          nicolae_shop_peninsula, serial_bayou_lagoon_a, minmay_tetromino_i4
D:2:      layout_loops_cross, serial_shops, shop, roderic_malta_cross
D:3:      layout_rooms, lemuel_coloured_pillars_altar
D:4:      layout_rooms, mainiacjoe_overflow_24_doors, minmay_temple_entry_glass,
          uniq_crazy_yiuf_cottage
Temple:   minmay_temple_bridge_d

Skill      XL: |  1  2  3  4  5  6 |
---------------+-------------------+-----
Dodging        | 3 |  3.2
Fire Magic     | 4 |  4.5
Conjurations   | 2 |  2.6
Spellcasting   | 4 |  4.6
Armour         | 1 |  1.6
Shields        | 1 2 |  2.0
Short Blades   | 1 |  1.0
Fighting       | |  0.3
Stealth        | |  2.7

Action                     |  1- 3 |  4- 6 || total
---------------------------+-------+-------++-------
  Melee: Dagger            |     3 |    83 ||    86
         Short sword       |    39 |     1 ||    40
   Cast: Foxfire           |    70 |    56 ||   126
 Armour: Robe              |     1 |       ||     1
         Leather armour    |    23 |    26 ||    49
  Dodge: Dodged            |    28 |    31 ||    59
  Block: Buckler           |     8 |    11 ||    19

Table legend: (Time is in decaauts)
 A = Elapsed time spent in this place.
 B = Non-inter-level travel time spent in this place.
 C = Inter-level travel time spent in this place.
 D = Time resting spent in this place.
 E = Time spent auto-exploring this place.
 F = Levels seen in this place.
 G = Mean time per level.
                   A        B        C        D        E       F      G
               +--------+--------+--------+--------+--------+-----+--------+
         Total |   2710 |   2616 |     94 |     45 |   1796 |   5 |  542.0 |
       Dungeon |   2709 |   2615 |     94 |     45 |   1796 |   4 |  677.2 |
        Temple |      1 |      1 |      0 |      0 |      0 |   1 |    1.0 |
               +--------+--------+--------+--------+--------+-----+--------+

Top non-repeatable levels by time:
     D:1: 996 daAuts
     D:2: 814 daAuts
     D:3: 591 daAuts
     D:4: 307 daAuts
  Temple: 1 daAuts
